 Dungeon Crawl Stone Soup version 0.19-a0-1111-gcceb26a (webtiles) character file.

13809 aronpayne the Grappler (level 11, -5/111 HPs)
             Began as a Troll Fighter on Aug 10, 2016.
             Was a High Priest of Makhleb.
             Slain by a seven-headed hydra (11 damage)
             ... on level 11 of the Dungeon.
             The game lasted 00:52:46 (9444 turns).

aronpayne the Grappler (Troll Fighter)              Turns: 9444, Time: 00:52:46

Health: -5/111     AC:  8    Str: 29    XL:     11   Next: 80%
Magic:  10/10      EV: 13    Int:  6    God:    Makhleb [*****.]
Gold:   607        SH:  0    Dex: 11    Spells: 0 memorised, 10 levels left

rFire  + . .     SeeInvis .     U - +8 great mace "Wula" {venom, Int+2}
rCold  + . .     Gourm    +     u - +2 robe {rC+ rF+}
rNeg   . . .     Faith    .     (shield currently unavailable)
rPois  +         Spirit   .     (helmet restricted)
rElec  .         Dismiss  .     v - +0 cloak {rPois}
rCorr  .         Reflect  .     (gloves unavailable)
SustAt .         Harm     .     (boots unavailable)
MR     .....                    y - amulet of regeneration
Stlth  +.........               (no ring)
                                n - +2 ring of dexterity

@:
A: unfitting armour, claws 3, fast metabolism 3, gourmand, regeneration 2,
shaggy fur 1, tough skin 2
a: Minor Destruction, Lesser Servant of Makhleb, Major Destruction, Greater
Servant of Makhleb, Renounce Religion


You were on level 11 of the Dungeon.
You worshipped Makhleb.
Makhleb was extremely pleased with you.
You were very full.

You visited 2 branches of the dungeon, and saw 12 of its levels.

You collected 607 gold pieces.

Inventory:

Hand Weapons
 c - a +3 great sword
 E - a +6 hunting sling
 U - the +8 great mace "Wula" (weapon) {venom, Int+2}
   (You found it on level 11 of the Dungeon)

   It poisons the flesh of those it strikes.
   It affects your intelligence (+2).
Missiles
 s - 244 stones (quivered)
 M - 3 tomahawks
 O - 3 javelins
Armour
 b - a +0 shield
 l - a +0 cloak
 u - a +2 robe of resistance (worn)
 v - a +0 cloak of poison resistance (worn)
 B - a +2 robe of positive energy
 W - a troll hide
Jewellery
 n - a +2 ring of dexterity (left claw)
 y - an amulet of regeneration (around neck)
 R - an uncursed amulet of dismissal
Wands
 h - a wand of acid (2/15)
 t - a wand of flame (48/48)
 F - a wand of lightning (7/15)
 K - a wand of polymorph (10/24)
 Q - a wand of polymorph (10/24)
Scrolls
 a - 2 scrolls of amnesia
 e - 4 scrolls of remove curse
 k - 3 scrolls of magic mapping
 o - a scroll of fog
 x - 3 scrolls of blinking
 V - 2 scrolls of teleportation
Potions
 f - 2 potions of invisibility {unknown}
 g - 3 potions of brilliance {unknown}
 i - 5 potions of curing
 m - 3 potions of berserk rage {unknown}
 p - a potion of lignification {unknown}
 q - a potion of cure mutation {unknown}
 r - 2 potions of ambrosia {unknown}
 z - 2 potions of mutation {unknown}
 C - 2 potions of magic {unknown}
 D - 3 potions of haste {unknown}
 N - a potion of agility {unknown}
 S - a potion of degeneration {unknown}
Books
 w - a book of Minor Magic

   Spells                             Type                      Level
   a - Magic Dart                     Conjuration                  1
   b - Blink                          Translocation                2
   c - Call Imp                       Summoning                    2
   d - Repel Missiles                 Charms/Air                   2
   e - Slow                           Hexes                        2
   f - Conjure Flame                  Conjuration/Fire             3
   g - Mephitic Cloud                 Conjuration/Poison/Air       3
 X - a book of Air

   Spells                             Type                      Level
   a - Shock                          Conjuration/Air              1
   b - Swiftness                      Charms/Air                   2
   c - Repel Missiles                 Charms/Air                   2
   d - Static Discharge               Conjuration/Air              3
   e - Lightning Bolt                 Conjuration/Air              5
Miscellaneous
 J - a box of beasts
 P - a fan of gales
Comestibles
 d - 12 bread rations
 j - 10 slices of pizza
 A - 3 fruits
 G - a royal jelly
 H - 3 beef jerkies
 T - a meat ration


   Skills:
 + Level 8.0 Fighting
 * Level 1.9 Maces & Flails
 - Level 7.0 Throwing
 - Level 0.7 Armour
 + Level 8.0 Dodging
 - Level 7.4 Shields
 - Level 9.0 Unarmed Combat
 + Level 0.0 Invocations


You had 10 spell levels left.
You didn't know any spells.

Dungeon Overview and Level Annotations

Branches:
Dungeon (11/15)            Temple (1/1) D:5            Lair (0/6) D:11
    Orc: D:9-12

Altars:
Ashenzari
Cheibriados
Dithmenos
Elyvilon
Fedhas
Gozag
Hepliaklqana
Kikubaaqudgha
Makhleb
Nemelex Xobeh
Okawaru
Pakellas
Qazlal
Ru
Sif Muna
Trog
Uskayaw
Vehumet
Xom
Yredelemnul
Zin
The Shining One


Innate Abilities, Weirdness & Mutations

You are too large for most types of armour.
You have claws for hands.
Your metabolism is lightning-fast.
You like to eat raw meat.
You heal very quickly.
You are covered in fur. (AC +1)
You have very tough skin. (AC +2)


Message History

The seven-headed hydra barely misses you.
The seven-headed hydra bites you but does no damage.
The seven-headed hydra bites you! The seven-headed hydra bites you.
The seven-headed hydra bites you!
* * * LOW HITPOINT WARNING * * *
The seven-headed hydra bites you!
* * * LOW HITPOINT WARNING * * *
The seven-headed hydra bites you but does no damage.
The seven-headed hydra barely misses you.
The seven-headed hydra bites you but does no damage.
The seven-headed hydra bites you!
* * * LOW HITPOINT WARNING * * *
The seven-headed hydra bites you.
* * * LOW HITPOINT WARNING * * *
The seven-headed hydra bites you!
* * * LOW HITPOINT WARNING * * *
The seven-headed hydra closely misses you.
The seven-headed hydra bites you but does no damage.
The seven-headed hydra bites you!
You die...

...##########..#######..#
........................#
........................#
####.....(...((.........#
#.#################..#
#.# #..# ####.# #..#
.....#################..#
...............D@.......#
#########################


You could see a seven-headed hydra.

Vanquished Creatures
  Erolcha (D:11)
  Erica (D:9)
  A centaur warrior (D:9)
  A hill giant (D:11)
  An orc knight (D:11)
  Pikel (D:4)
  A griffon (D:11)
  An ugly thing (D:10)
  Joseph (D:8)
  A komodo dragon (D:9)
  A troll (D:10)
  Grinder (D:6)
  Sigmund (D:3)
  A basilisk (D:11)
  A wyvern (D:8)
  A human (D:8)
  5 yaks
  Menkaure (D:6)
  Edmund (D:4)
  A mottled dragon (D:7)
  A water moccasin (D:11)
  5 porcupines (D:11)
  5 sky beasts
  3 orc warriors
  A wasp (D:9)
  2 ice beasts
  3 black bears
  2 phantoms
  4 ogres
  5 centaurs
  2 crocodiles (D:11)
  2 big kobolds (D:9)
  5 giant frogs
  3 scorpions
  20 killer bees
  6 wights
  5 crimson imps
  3 centaur zombies
  3 howler monkeys
  2 jellies
  Crazy Yiuf (D:6)
  2 hounds (D:9)
  6 orc priests
  2 centaur skeletons
  4 orc wizards
  3 giant frog skeletons
  Jessica (D:3)
  3 iguanas
  Ijyb (D:2)
  Natasha (thrice) (D:2)
  5 worker ants
  A killer bee zombie (D:5)
  3 sheep (D:8)
  A giant frog simulacrum (D:9)
  2 hound skeletons
  A hound zombie (D:6)
  A worker ant zombie (D:5)
  8 gnolls
  4 river rats (D:11)
  11 adders
  6 shadow imps
  An adder skeleton (D:6)
  A worm (D:2)
  8 giant geckos
  45 orcs
  3 ball pythons
  11 bats
  2 giant cockroaches
  3 goblins
  8 hobgoblins
  7 jackals
  15 kobolds
  3 quokkas
  A giant cockroach zombie (D:5)
  A giant gecko skeleton (D:6)
  10 giant newts
  A quokka skeleton (D:9)
  7 rats
  2 bushes (D:5)
304 creatures vanquished.

Vanquished Creatures (others)
  A worker ant (D:4)
  An adder (D:4)
  An orc (D:4)
  5 fungi (D:11)
  3 plants (D:11)
11 creatures vanquished.

Grand Total: 315 creatures vanquished

Notes
Turn   | Place    | Note
-------+----------+-------------------------------------------
     0 | D:1      | aronpayne the Troll Fighter began the quest for the Orb.
     0 | D:1      | Reached XP level 1. HP: 22/22 MP: 0/0
   256 | D:1      | Reached XP level 2. HP: 19/29 MP: 1/1
   906 | D:2      | Reached XP level 3. HP: 30/36 MP: 2/2
  1022 | D:2      | Noticed Ijyb
  1035 | D:2      | Killed Ijyb
  1074 | D:2      | Found a bloodstained altar of Trog.
  1131 | D:2      | Reached XP level 4. HP: 37/44 MP: 3/3
  1175 | D:2      | Found a shimmering altar of Xom.
  1192 | D:2      | Noticed Natasha
  1208 | D:2      | Killed Natasha
  1208 | D:2      | Reached skill level 3 in Unarmed Combat
  1265 | D:2      | Noticed Natasha
  1270 | D:2      | Killed Natasha
  1291 | D:2      | Noticed Natasha
  1304 | D:2      | Killed Natasha
  1304 | D:2      | Reached XP level 5. HP: 42/53 MP: 4/4
  2191 | D:3      | Noticed Sigmund
  2201 | D:3      | Killed Sigmund
  2201 | D:3      | Reached skill level 1 in Throwing
  2201 | D:3      | Reached XP level 6. HP: 46/61 MP: 5/5
  2305 | D:3      | Noticed Jessica
  2307 | D:3      | Killed Jessica
  2307 | D:3      | Reached skill level 4 in Unarmed Combat
  2411 | D:4      | Noticed a slave
  2413 | D:4      | Noticed a slave
  2414 | D:4      | Noticed a slave
  2414 | D:4      | Noticed Pikel
  2414 | D:4      | Noticed a slave
  2420 | D:4      | Killed Pikel
  2420 | D:4      | Reached XP level 7. HP: 56/70 MP: 6/6
  2819 | D:4      | Noticed Edmund
  2835 | D:4      | Killed Edmund
  2881 | D:4      | Reached XP level 8. HP: 78/78 MP: 7/7
  3067 | D:4      | Found a shadowy altar of Dithmenos.
  3121 | D:5      | Entered Level 5 of the Dungeon
  3286 | D:5      | Found a staircase to the Ecumenical Temple.
  3329 | D:5      | Reached skill level 5 in Unarmed Combat
  3416 | Temple   | Entered the Ecumenical Temple
  3529 | Temple   | Became a worshipper of Makhleb the Destroyer
  3779 | D:5      | Found an ancient bone altar of Kikubaaqudgha.
  3780 | D:5      | Found a snail-covered altar of Cheibriados.
  3795 | D:5      | Found a glowing silver altar of Zin.
  3977 | D:5      | Found a hazy altar of Hepliaklqana.
  4094 | D:6      | Noticed Grinder
  4103 | D:6      | Paralysed by Grinder for 7 turns
  4117 | D:6      | Killed Grinder
  4187 | D:6      | Reached skill level 5 in Fighting
  4220 | D:6      | Noticed Menkaure
  4227 | D:6      | Killed Menkaure
  4227 | D:6      | Reached skill level 5 in Dodging
  4249 | D:6      | Found a runed door.
  4253 | D:6      | Noticed Crazy Yiuf
  4256 | D:6      | Killed Crazy Yiuf
  4568 | D:6      | Found a hide-covered altar of Uskayaw.
  4607 | D:6      | Reached * piety under Makhleb
  4701 | D:6      | Reached XP level 9. HP: 75/88 MP: 8/8
  4710 | D:6      | Reached skill level 5 in Shields
  4950 | D:7      | Reached skill level 6 in Unarmed Combat
  5155 | D:7      | Found a sparkling altar of Nemelex Xobeh.
  5259 | D:7      | Reached ** piety under Makhleb
  5409 | D:7      | Found Ynayvyat's Food Boutique.
  6017 | D:8      | Noticed Joseph
  6036 | D:8      | Killed Joseph
  6036 | D:8      | Reached skill level 5 in Throwing
  6036 | D:8      | Reached skill level 7 in Unarmed Combat
  6036 | D:8      | Reached XP level 10. HP: 43/98 MP: 9/9
  6056 | D:8      | Found a stormy altar of Qazlal.
  6093 | D:8      | Found a blossoming altar of Fedhas.
  6372 | D:8      | Reached *** piety under Makhleb
  6708 | D:9      | Noticed Erica
  6745 | D:9      | Killed Erica
  6903 | D:9      | Noticed a centaur warrior
  6913 | D:9      | Killed a centaur warrior
  6913 | D:9      | Reached skill level 8 in Unarmed Combat
  7026 | D:9      | Reached **** piety under Makhleb
  7039 | D:9      | Reached XP level 11. HP: 109/109 MP: 10/10
  7587 | D:10     | Entered Level 10 of the Dungeon
  7587 | D:10     | Found a snail-covered altar of Cheibriados.
  8442 | D:10     | Noticed a brown ugly thing
  8454 | D:10     | Killed a brown ugly thing
  8480 | D:11     | Noticed a hill giant
  8497 | D:11     | Noticed Erolcha
  8507 | D:11     | Killed Erolcha
  8666 | D:11     | Killed a hill giant
  8666 | D:11     | Reached ***** piety under Makhleb
  8772 | D:11     | Noticed a griffon
  8784 | D:11     | Noticed a seven-headed hydra
  8807 | D:11     | Killed a griffon
  8895 | D:11     | Reached skill level 9 in Unarmed Combat
  8897 | D:11     | Found a staircase to the Lair.
  8996 | D:11     | Got a fine great mace
  9019 | D:11     | Identified the +8 great mace "Wula" {venom, Int+2} (You found it on level 11 of the Dungeon)
  9045 | D:11     | Reached skill level 1 in Maces & Flails
  9223 | D:11     | Noticed an orc knight
  9247 | D:11     | Killed an orc knight
  9444 | D:11     | Slain by a seven-headed hydra

Vault maps used:
D:1:      saegor_arrival_simple_a, hangedman_decor_growths
D:2:      lemuel_crystal_altar, xom_teletrap_fun, first_bread, uniq_iyjb,
          uniq_natasha
D:3:      uniq_jessica, uniq_sigmund
D:4:      grunt_dithmenos_smoke_and_mirrors, uniq_pikel, uniq_edmund
D:5:      lemuel_coloured_pillars_altar, gammafunk_temple_overflow_forgotten,
          minmay_misc_feat_pillars
D:6:      eat_drink_and_be_merry_uskayaw, corexii_item_surrounded_by_moat,
          uniq_menkaure, uniq_crazy_yiuf_cottage, uniq_grinder
D:7:      old_standard_altar, serial_shops, shop
D:8:      grunt_temple_overflow_forces_of_nature, grunt_livestock, uniq_joseph
D:9:      minmay_bloctagon, uniq_erica
D:10:     cheibriados_altar_1
D:11:     minmay_lair_entry_grove, david_orc_5, minmay_radiant, uniq_erolcha
Temple:   minmay_temple_bridge_abc

Skill      XL: |  1  2  3  4  5  6  7  8  9 10 11 |
---------------+----------------------------------+-----
Unarmed Combat | 3 4 5 7 8 9 |  9.0
Fighting       | 3 4 5 6 7 8 |  8.0
Shields        | 3 4 5 6 7 |  7.4
Dodging        | 3 4 5 6 7 8 |  8.0
Throwing       | 1 2 3 5 6 7 |  7.0
Maces & Flails | 1 |  1.9
Armour         | |  0.7

Action                   |  1- 3 |  4- 6 |  7- 9 | 10-12 || total
-------------------------+-------+-------+-------+-------++-------
Melee: Unarmed           |   137 |   118 |   415 |   465 ||  1135
       Great mace        |       |       |       |    17 ||    17
Throw: Stone             |       |       |    36 |   106 ||   142
  Use: Scroll            |       |     6 |     9 |     7 ||    22
       Potion            |       |       |       |     7 ||     7
 Stab: Sleeping          |       |       |     2 |       ||     2
  Eat: Chunk             |    16 |    12 |    34 |    30 ||    92
Armor: Robe              |    61 |    20 |    70 |    85 ||   236
Dodge: Dodged            |    52 |    41 |   111 |   207 ||   411
Block: Shield            |    55 |    55 |   155 |   225 ||   490
